AoeStats
← fanta

Arena

505005681Analyzed
4v4 RM · 24d ago on Sep 7, 2026· 54m 21s· 8 players
Game mode
Random Map
Map size
Large (8 player)
Population
200
Speed
Normal
Resources
Standard
Victory
Conquest
Starting age
Dark Age
Ending age
Imperial Age
RankedLock teamsTeams togetherTeam positionsShared explorationLock speedFull tech treeHidden civsTurbo modeCheats
Victory
Defeat
🇨🇳 Gurjaras · China
1103
+15
🇯🇵 Malay · Japan
1089
+15
🇹🇷 Franks · Türkiye
1082
+16
🇨🇦 Italians · Canada
1037
+18
🇨🇳 Spanish · China
1104
-17
🇨🇳 Franks · China
1071
-16
🇳🇿 Mongols · New Zealand
1070
-16
🇨🇳 Magyars · China
1045
-15
fanta
9:04 Feudal Age
13:36 Castle Age
18:39 Double-Bit Axe
22:13 Wheelbarrow
22:00 Horse Collar
26:50 Heavy Plow
27:01 Bow Saw
28:40 Hand Cart
28:17 Loom
30:01 Scale Barding Armor
30:07 Forging
30:03 Gold Mining
33:27 Imperial Age
31:57 Gold Shaft Mining
31:44 Bloodlines
32:31 Chain Barding Armor
32:46 Iron Casting
33:10 Caravan
33:39 Stone Mining
33:31 Elite Steppe Lancer
34:34 Conscription
34:23 Husbandry
36:44 Blast Furnace
39:27 Fletching
39:38 Padded Archer Armor
45:04 Bodkin Arrow
45:25 Leather Archer Armor
46:44 Scale Mail Armor
46:50 Bracer
46:37 Heavy Cavalry Archer
47:42 Parthian Tactics
47:23 Thumb Ring
48:33 Ballistics
49:14 Chemistry
Halley
11:00 Feudal Age
12:04 Double-Bit Axe
15:07 Castle Age
13:35 Stone Mining
14:10 Gold Mining
16:20 Bow Saw
25:49 Wheelbarrow
29:35 Imperial Age
28:01 Loom
28:34 Hand Cart
28:28 Scale Barding Armor
28:34 Forging
28:25 Husbandry
29:01 Pikeman
29:42 Squires
29:29 Arson
30:35 Iron Casting
30:52 Gold Shaft Mining
32:03 Chain Barding Armor
31:37 Cavalier
32:51 Scale Mail Armor
33:53 Blast Furnace
33:46 Plate Barding Armor
33:19 Halberdier
34:16 Chain Mail Armor
36:26 Plate Barding Armor
36:43 Paladin
38:01 Plate Mail Armor
39:24 Chemistry
39:03 Fletching
41:15 Padded Archer Armor
42:43 Bodkin Arrow
43:04 Leather Archer Armor
43:17 Siege Engineers
45:07 Conscription
49:15 Town Watch
50:13 Gambesons
52:45 Elite Skirmisher
54:48 Ballistics
CNZS_carlar
10:39 Feudal Age
14:46 Castle Age
14:34 Loom
34:46 Imperial Age
Ehco
11:20 Feudal Age
15:45 Castle Age
13:47 Double-Bit Axe
15:35 Wheelbarrow
14:45 Loom
31:45 Imperial Age
29:41 Bow Saw
29:27 Gold Mining
29:27 Stone Mining
30:21 Horse Collar
31:02 Hand Cart
31:47 Corvinian Army
31:39 Fletching
31:55 Scale Barding Armor
31:55 Padded Archer Armor
32:56 Gold Shaft Mining
31:53 Elite Magyar Huszar
32:55 Conscription
32:51 Siege Engineers
33:11 Bloodlines
33:01 Husbandry
33:07 Scale Barding Armor
32:38 Light Cavalry
34:57 Hoardings
35:11 Chain Barding Armor
37:21 Plate Barding Armor
37:31 Elite Skirmisher
38:18 Thumb Ring
38:38 Parthian Tactics
39:21 Leather Archer Armor
38:50 Heavy Cavalry Archer
41:44 Ring Archer Armor
41:12 Bodkin Arrow
46:59 Recurve Bow
47:41 Bracer
168kcal
10:09 Feudal Age
13:47 Castle Age
12:05 Double-Bit Axe
12:28 Loom
13:28 Wheelbarrow
14:06 Bow Saw
16:22 Horse Collar
21:29 Heavy Plow
29:20 Imperial Age
27:25 Scale Barding Armor
27:27 Town Watch
28:37 Forging
28:17 Fletching
28:59 Husbandry
29:21 Conscription
29:29 Hand Cart
30:17 Crop Rotation
30:43 Iron Casting
31:28 Gold Mining
31:29 Stone Mining
32:41 Blast Furnace
31:38 Bodkin Arrow
31:43 Padded Archer Armor
32:20 Devotion
33:10 Town Patrol
32:33 Elite Skirmisher
34:22 Ballistics
37:01 Siege Engineers
37:08 Masonry
38:13 Elite Battle Elephant
39:10 Pikeman
39:50 Squires
39:35 Arson
39:38 Halberdier
45:50 Chemistry
46:15 Light Cavalry
48:41 Bracer
49:17 Thumb Ring
49:29 Leather Archer Armor
1P
8:43 Loom
10:31 Feudal Age
14:26 Castle Age
12:36 Double-Bit Axe
13:14 Horse Collar
16:20 Bow Saw
21:29 Heavy Plow
24:30 Wheelbarrow
24:42 Loom
25:36 Gold Mining
25:36 Stone Mining
25:49 Fletching
26:00 Padded Archer Armor
27:11 Hand Cart
27:58 Leather Archer Armor
27:39 Bodkin Arrow
30:40 Imperial Age
28:12 Bodkin Arrow
28:19 Treadmill Crane
28:51 Masonry
29:56 Gold Shaft Mining
30:14 Ballistics
30:26 Kshatriyas
31:01 Bloodlines
30:51 Husbandry
31:03 Thumb Ring
31:45 Conscription
30:57 Elite Elephant Archer
32:37 Stone Shaft Mining
32:37 Crop Rotation
34:03 Chemistry
33:08 Bracer
46:17 Heavy Camel Rider
48:02 Forging
47:58 Scale Barding Armor
47:19 Light Cavalry
48:21 Hussar
51:24 Iron Casting
51:10 Chain Barding Armor
GrandMasterTitties
12:28 Feudal Age
16:17 Castle Age
14:05 Double-Bit Axe
14:04 Horse Collar
17:32 Bow Saw
17:25 Heavy Plow
18:02 Wheelbarrow
17:51 Loom
18:15 Fletching
21:09 Town Watch
23:45 Guard Tower
29:22 Imperial Age
27:49 Bodkin Arrow
30:30 Masonry
31:29 Ballistics
34:39 Bracer
41:44 Gold Mining
41:46 Stone Mining
43:48 Scale Mail Armor
43:59 Forging
44:31 Conscription
43:51 Pikeman
44:32 Squires
44:18 Arson
44:50 Chain Mail Armor
45:54 Iron Casting
47:16 Hand Cart
47:04 Town Patrol
47:43 Keep
47:42 Architecture
48:58 Blast Furnace
48:28 Plate Mail Armor
47:43 Treadmill Crane
47:49 Arrowslits
48:01 Murder Holes
49:07 Chemistry
48:22 Fortified Wall
52:27 Bombard Tower
53:06 Stone Shaft Mining
mbe6161
0:26 Loom
9:48 Feudal Age
17:13 Castle Age
15:12 Double-Bit Axe
18:40 Wheelbarrow
18:55 Bow Saw
19:00 Gold Mining
22:42 Hand Cart
22:13 Man-at-Arms
22:40 Gambesons
22:57 Squires
22:20 Pikeman
22:46 Arson
23:17 Forging
25:08 Long Swordsman
30:37 Imperial Age
29:30 Iron Casting
29:37 Iron Casting
29:28 Scale Mail Armor
31:08 Chain Mail Armor
30:50 Two-Handed Swordsman
32:48 Blast Furnace
32:38 Gold Shaft Mining
33:33 Husbandry
32:56 Champion
34:49 Halberdier
36:36 Plate Mail Armor
36:11 Scale Barding Armor
37:49 Cavalier
41:23 Paladin
42:45 Chain Barding Armor
47:35 Chemistry
46:55 Ballistics
46:34 Murder Holes
46:49 Fortified Wall
46:50 Masonry
Connection lost

Rejoining the realm…

Still unreachable

The connection could not be restored.

Session expired

The server has moved on; the page needs a fresh start.